 Dungeon Crawl Stone Soup version 0.30.0-10-gfe55d96785 (webtiles) character file.

Game seed: 4729970488799415459

75 dolemite99 the Caller (level 4, -1/30 HPs)
             Began as a Demonspawn Summoner on May 13, 2023.
             Was a Believer of Nemelex Xobeh.
             Slain by a sleepcap (19 damage)
             ... on level 3 of the Dungeon.
             The game lasted 00:03:31 (2449 turns).

dolemite99 the Caller (Demonspawn Summoner)         Turns: 2449, Time: 00:03:31

Health: -1/30      AC:  2    Str:  8    XL:     4   Next: 11%
Magic:  5/7        EV:  2    Int: 19    God:    Nemelex Xobeh [**....]
Gold:   184        SH:  0    Dex: 13    Spells: 4/7 levels left

rFire   . . .        f - +0 rapier
rCold   . . .        (no shield)
rNeg    . . .        a - +0 robe
rPois   .            (no helmet)
rElec   .            (no cloak)
rCorr   .            (no gloves)
SInv    .            (no boots)
Will    .....        (no amulet)
Stlth   ++           (no ring)
HPRegen 0.25/turn    (no ring)
MPRegen 0.20/turn

%: no passive effects
@: sleeping
A: hooves 1, magic regeneration
a: Renounce Religion, Draw Escape, Draw Destruction, Draw Summoning


You were on level 3 of the Dungeon.
You worshipped Nemelex Xobeh.
Nemelex Xobeh was pleased with you.
You visited 1 branch of the dungeon, and saw 3 of its levels.

You collected 184 gold pieces.

Inventory:

Hand Weapons
 b - a +0 dagger
 f - a +0 rapier (weapon)
Armour
 a - a +0 robe (worn)
Scrolls
 c - a scroll of blinking {unknown}
 d - 3 scrolls of identify {unknown}
 e - a scroll of magic mapping {unknown}
 h - 2 scrolls of amnesia {unknown}
 i - a scroll of fear {unknown}
 k - a scroll of noise {unknown}
 n - a scroll of silence {unknown}
Potions
 g - a potion of brilliance {unknown}
 j - 2 potions of ambrosia {unknown}
 l - 2 potions of attraction {unknown}
 m - a potion of resistance {unknown}
 o - a potion of berserk rage {unknown}
 p - a potion of might {unknown}


   Skills:
 - Level 1.7 Dodging
 - Level 1.7 Stealth
 - Level 2.0 Spellcasting
 - Level 5.4 Summonings
 + Level 1.9 Invocations


You had 4 spell levels left.
You knew the following spells:

 Your Spells              Type           Power      Damage    Failure   Level
a - Summon Small Mammal   Summ           88%        N/A       1%          1
b - Call Imp              Summ           44%        N/A       2%          2

Your spell library contained the following spells:

 Spells                   Type           Power      Damage    Failure   Level
 Call Canine Familiar     Summ           22%        N/A       5%          3
 Apportation              Tloc           2%         N/A       17%         1
 Summon Guardian Golem    Hex/Summ       12%        N/A       17%         3
 Tukima's Dance           Hex            1%         N/A       45%         3
 Summon Lightning Spire   Summ/Air       12%        N/A       50%         4
 Passage of Golubria      Tloc           1%         N/A       86%         4
 Yara's Violent Unravell  Hex/Tmut       0%         3d3       99%         5


Dungeon Overview and Level Annotations

Branches:
Dungeon (3/15)

Altars:
Kikubaaqudgha
Nemelex Xobeh


Innate Abilities, Weirdness & Mutations

You have large cloven feet.
You regenerate magic rapidly.


Message History

You closely miss the ball python. You kick the ball python.
You kill the ball python!
You see here a ball python corpse.
No target in view!
No target in view!
You swap places.
p - a sapphire potion
Found an escape hatch in the floor.
You swap places.
The teleport trap disappears.
The dart slug disappears!
You swap places.
A sleepcap comes into view.
Found a leather armour.
The sleepcap misses you.
Your cerulean imp hits the sleepcap from afar with a -2 spear.
You hit the sleepcap.
The sleepcap is lightly damaged.
The sleepcap completely misses you.
Your cerulean imp hits the sleepcap from afar with a -2 spear.
The sleepcap releases spores at you!
Your cerulean imp hits the sleepcap but does no damage.
The sleepcap completely misses you.
There is an escape hatch in the floor here.
You are too injured to fight recklessly!
You are too injured to fight recklessly!
You hit the sleepcap.
The sleepcap is moderately damaged.
Your cerulean imp hits the sleepcap but does no damage.
The sleepcap barely misses you.
Casting: Call Imp (safe; 2% risk of failure)
Confirm with . or Enter, or press ? or * to list all spells.
A tiny devil pulls itself out of the air.
Your cerulean imp disappears in a puff of smoke!
The sleepcap releases spores at you.
You are engulfed in a cloud of soporific spores!
You fall asleep.
The sleepcap releases spores at you!!
Ouch! That really hurt!
You die...
Your body glows slightly and disappears.

###..........# ####.#..5....#....
#............###....####.####....
..##........... #..............
###[........#.# ##.............
#............# ##.##..........
#.........##.. ##.......##.####
#.........##..##....######.###.
#.........###.f.§#### #....†
##.......##...@..# #.....
####.............5...... ........
#........######.....#..# ......##
.....##### #.....# ..#...##...
..#### ....#[.. ....# ## . ###
.#.###.##. .. . #... .. . . .. ..


You could see a sleepcap (ally target) and a friendly cerulean imp (summoned).

Vanquished Creatures
  2 adders
  4 dart slugs
  4 endoplasms
  2 giant cockroaches (D:1)
  3 hobgoblins (D:2)
  A jackal (D:1)
  2 ball pythons
  2 bats
  A frilled lizard (D:1)
  4 goblins
  2 kobolds (D:1)
  4 rats
31 creatures vanquished.

Vanquished Creatures (collateral kills)
  3 bats (D:1)
  2 endoplasms
  A giant cockroach (D:2)
  2 hobgoblins (D:1)
  A jackal (D:1)
  2 ball pythons (D:1)
  2 frilled lizards
  3 kobolds
  4 rats
20 creatures vanquished.

Grand Total: 51 creatures vanquished

Notes
Turn   | Place    | Note
-------+----------+-------------------------------------------
     0 | D:1      | dolemite99 the Demonspawn Summoner began the quest for the
                  | Orb.
     0 | D:1      | Reached XP level 1. HP: 13/13 MP: 3/3
   427 | D:1      | Gained mutation: You regenerate magic rapidly. [demonic
                  | ancestry]
   427 | D:1      | Reached XP level 2. HP: 15/19 MP: 1/5
   870 | D:1      | Found a faded altar of an unknown god.
  1001 | D:1      | Learned a level 2 spell: Call Imp
  1023 | D:1      | Got Plato's Omnibus of Elsewhere
  1024 | D:1      | Prayed at the altar of an unknown god.
  1024 | D:1      | Became a worshipper of Nemelex Xobeh the Trickster
  1024 | D:1      | Reached * piety under Nemelex Xobeh
  1024 | D:1      | Received a gift from Nemelex Xobeh
  1339 | D:1      | Reached skill level 5 in Summonings
  1448 | D:2      | Discovered your monstrous ancestry.
  1448 | D:2      | Gained mutation: You have large cloven feet. [demonic
                  | ancestry]
  1448 | D:2      | Reached XP level 3. HP: 23/24 MP: 6/6
  2022 | D:2      | Received a gift from Nemelex Xobeh
  2151 | D:2      | Reached skill level 1 in Invocations
  2249 | D:3      | Reached XP level 4. HP: 25/30 MP: 7/7
  2282 | D:3      | Reached ** piety under Nemelex Xobeh
  2355 | D:3      | Found an ancient bone altar of Kikubaaqudgha.
  2449 | D:3      | Slain by a sleepcap

Illustrated notes

Levels and vault maps discovered:
D:1:      dpeg_arrival_tiny_g, layout_basic,
          shapermc_ecumenical_altar_rom_forum, roderic_serpentine_path,
          minmay_misc_feat_tiny
D:2:      layout_loops_ring
D:3:      layout_rooms, lemuel_tele_altar, lemuel_crystal_altar, serial_shops,
          shop, uniq_terence, uniq_robin

Skill      XL: |  1  2  3 |
---------------+----------+-----
Summonings     | 5 |  5.4
Invocations    | 1 |  1.9
Dodging        | |  1.7
Stealth        | |  1.7
Spellcasting   | |  2.0

Action                     |  1- 3 |  4- 6 || total
---------------------------+-------+-------++-------
  Melee: Unarmed           |    22 |       ||    22
         Dagger            |    20 |       ||    20
         Rapier            |    65 |     8 ||    73
         Punch             |     2 |       ||     2
         Kick              |    10 |     4 ||    14
   Cast: Summon Small Mamm |    23 |       ||    23
         Call Imp          |     9 |     2 ||    11
    Use: Potion            |     1 |       ||     1
   Stab: Sleeping          |     2 |       ||     2
 Armour: Robe              |    29 |       ||    29
  Dodge: Dodged            |   107 |     9 ||   116
